 Dungeon Crawl Stone Soup version 0.28-a0-769-g550dbda0cd (webtiles) character file.

Game seed: 17745688157980575424

232 karkarkar the Ruffian (level 5, -1/53 HPs)
             Began as a Troll Fighter on Oct 31, 2021.
             Killed from afar by Ijyb (30 damage)
             ... with a bolt of acid
             ... on level 4 of the Dungeon.
             The game lasted 00:08:09 (2026 turns).

karkarkar the Ruffian (Troll Fighter)               Turns: 2026, Time: 00:08:10

Health: -1/53      AC:  4    Str: 24    XL:     5   Next: 73%
Magic:  4/4        EV:  8    Int:  4    God:
Gold:   224        SH:  7    Dex: 10    Spells: 4/4 levels left

rFire   . . .      SeeInvis +     - Unarmed
rCold   . . .      Faith    .   b - +0 kite shield
rNeg    . . .      Spirit   .   a - +0 robe
rPois   .          Reflect  .   (helmet restricted)
rElec   .          Harm     .   (no cloak)
rCorr   .          Rampage  .   (gloves unavailable)
Will    .....                   (boots unavailable)
Stlth   +.........              (no amulet)
HPRegen 1.17/turn               k - ring of see invisible
MPRegen 0.09/turn               (no ring)

@: no status effects
A: large, unfitting armour, claws 3, regeneration 1, shaggy fur 1, tough skin 1
a: no special abilities


You were on level 4 of the Dungeon.
You visited 1 branch of the dungeon, and saw 4 of its levels.

You collected 224 gold pieces.

Inventory:

Missiles
 i - 17 poisoned darts (quivered)
Armour
 a - a +0 robe (worn)
 b - a +0 kite shield (worn)
Jewellery
 k - a ring of see invisible (left claw)
Scrolls
 f - a scroll of identify {unknown}
 g - a scroll of teleportation {unknown}
 h - a scroll of holy word {unknown}
 j - 2 scrolls of fog {unknown}
 l - a scroll of vulnerability {unknown}
 m - a scroll of noise {unknown}
Potions
 c - a potion of might
 d - 4 potions of curing {unknown}
 e - 2 potions of haste {unknown}
 n - a potion of mutation {unknown}


   Skills:
 + Level 3.1 Fighting
 + Level 1.0 Throwing
 + Level 3.0 Dodging
 + Level 0.2 Stealth
 + Level 3.2 Shields
 + Level 3.9 Unarmed Combat


You had 4 spell levels left.
You didn't know any spells.
Your spell library contained the following spells:

 Spells                   Type           Power      Damage    Failure   Level
 Blink                    Tloc           0%         N/A       96%         2
 Lesser Beckoning         Tloc           0%         N/A       99%         3
 Manifold Assault         Tloc           0%         N/A       100%        5


Dungeon Overview and Level Annotations

Branches:
Dungeon (4/15)
 Temple: D:4-7

Altars:

Shops:
D:3 (

Annotations:
D:4 Ijyb


Innate Abilities, Weirdness & Mutations

You are too large for most types of armour.
You have claws for hands.
Your natural rate of healing is unusually fast.
You are covered in fur. (AC +1)
You have tough skin. (AC +1)


Message History

The hound bites you but does no damage.
You scratch the hound.
The hound is moderately wounded.
The hound bites you but does no damage. x2
You claw the hound!
You kill the hound!
Your Throwing skill increases to level 1!
The hobgoblin hits you.
You closely miss the hobgoblin. You block the hobgoblin's attack.
You barely miss the hobgoblin. The hobgoblin completely misses you.
You closely miss the hobgoblin.
The hobgoblin hits you but does no damage.
The hobgoblin closely misses you.
You claw the hobgoblin!
You kill the hobgoblin!
No target in view!
No target in view!
j - 2 scrolls labelled SUSTRA MEMA (gained 1)
Found a stone staircase leading down.
No other quiver actions available for cycling.
No other quiver actions available for cycling.
No other quiver actions available for cycling.
Throw: 20 darts (poison)
Press: ? - help, Q - select action Shift-Dir - straight line, f - Ijyb
Aim: Ijyb, wielding a +3 club, wearing a +0 ring mail and carrying a wand of acid (10) (52% to hit)
You throw a poisoned dart. The poisoned dart hits Ijyb.
Ijyb is poisoned.
Throw: 19 darts (poison)
Press: ? - help, Q - select action Shift-Dir - straight line, f/p - Ijyb
Aim: Ijyb, wielding a +3 club, wearing a +0 ring mail and carrying a wand of acid (10) (lightly wounded, poisoned, 52% to hit)
You throw a poisoned dart. The poisoned dart barely misses Ijyb.
Throw: 18 darts (poison)
Press: ? - help, Q - select action Shift-Dir - straight line, f/p - Ijyb
Aim: Ijyb, wielding a +3 club, wearing a +0 ring mail and carrying a wand of acid (10) (lightly wounded, poisoned, 52% to hit)
You throw a poisoned dart. The poisoned dart closely misses Ijyb.
Ijyb zaps a wand.
The bolt of acid hits you!!
An adder comes into view.
The adder hisses angrily.
Ijyb zaps a wand.
The bolt of acid hits you!!
Ouch! That really hurt!
You die...

#### #.#### ..#
#..... #.# #.####
######.###.####
♣♣##.............. ♣
♣.............###.
♣♣. ♣.#..####..##>#
#. #((.#.#..# #..##.#
#. #.#g@...# #..##.#
#. ......>....#
#..##.# #.
##.#.......####..##.#
#.
#.........<....##.#
#.
##.$.....#####.##.#
## ###....## #.#
#....# ##....
..#.##### #.##
........≈


You could see Ijyb (poisoned).

Vanquished Creatures
  A hound (D:4)
  An iguana (D:4)
  5 gnolls
  4 adders (D:2)
  An ufetubus (D:4)
  3 worms
  3 dart slugs (D:1)
  5 orcs (D:3)
  3 bats
  An endoplasm (D:2)
  2 giant cockroaches
  7 hobgoblins
  3 jackals (D:1)
  2 quokkas
  5 ball pythons
  3 frilled lizards
  8 goblins
  8 kobolds
  6 rats
71 creatures vanquished.

Vanquished Creatures (others)
  9 plants (D:2)
9 creatures vanquished.

Grand Total: 80 creatures vanquished

Notes
Turn   | Place    | Note
-------+----------+-------------------------------------------
     0 | D:1      | karkarkar the Troll Fighter began the quest for the Orb.
     0 | D:1      | Reached XP level 1. HP: 22/22 MP: 0/0
   123 | D:1      | Reached XP level 2. HP: 25/29 MP: 1/1
   261 | D:1      | Reached XP level 3. HP: 36/36 MP: 2/2
   850 | D:2      | Reached XP level 4. HP: 40/44 MP: 3/3
   977 | D:2      | You fall into a shaft and drop 1 floor!
  1299 | D:3      | Found Ichan's Weapon Shop.
  1410 | D:3      | Reached XP level 5. HP: 43/52 MP: 4/4
  1522 | D:3      | Found a faded altar of an unknown god.
  1734 | D:4      | Noticed Ijyb
  1892 | D:4      | Identified the +0 pair of gloves of Servitude {MP-9 Int+5
                  | Dex+3}
  1993 | D:4      | Reached skill level 1 in Throwing
  2026 | D:4      | Killed from afar by Ijyb

Illustrated notes

Levels and vault maps discovered:
D:1:      minmay_arrival_wavy_path, layout_rooms, minmay_misc_feat_rows,
          minmay_small_reverse_x
D:2:      layout_basic, minmay_misc_feat_tiny, serial_bayou_lake_a
D:3:      layout_rooms, serial_shops, shop_statue,
          hellmonk_ecumenical_altar_run_dry, minmay_misc_feat_cross,
          fountainhead
D:4:      layout_loops_ring, lemuel_temple_firewalk_b, serial_bayou,
          serial_bayou_pond_d, serial_bayou_pond_d, serial_bayou_crossing,
          serial_bayou_ford_a, minmay_checkerbox, uniq_ijyb

Skill      XL: |  1  2  3  4  5 |
---------------+----------------+-----
Shields        | 3 |  3.2
Unarmed Combat | 3 |  3.9
Fighting       | 3 |  3.1
Dodging        | 3 |  3.0
Throwing       | 1 |  1.0
Stealth        | |  0.2

Action                   |  1- 3 |  4- 6 || total
-------------------------+-------+-------++-------
Melee: Unarmed           |    97 |   106 ||   203
Throw: Dart              |     9 |    18 ||    27
  Use: Scroll            |       |     1 ||     1
Armor: Robe              |    23 |    37 ||    60
Dodge: Dodged            |    35 |    33 ||    68
Block: Kite shield       |    33 |    30 ||    63

Table legend: (Time is in decaauts)
 A = Elapsed time spent in this place.
 B = Non-inter-level travel time spent in this place.
 C = Inter-level travel time spent in this place.
 D = Time resting spent in this place.
 E = Time spent auto-exploring this place.
 F = Levels seen in this place.
 G = Mean time per level.
                   A        B        C        D        E       F      G
               +--------+--------+--------+--------+--------+-----+--------+
         Total |   2088 |   2023 |     65 |     15 |   1368 |   4 |  522.0 |
       Dungeon |   2088 |   2023 |     65 |     15 |   1368 |   4 |  522.0 |
               +--------+--------+--------+--------+--------+-----+--------+

Top non-repeatable levels by time:
     D:2: 782 daAuts
     D:3: 527 daAuts
     D:1: 493 daAuts
     D:4: 285 daAuts
